Description

3 reaper 2 hellion

Build Order

Get SALT Encoding   

  14  0:18  Supply Depot  
  15  0:41  Barracks  
  16  0:45  Refinery  
  16  0:54  Refinery  
  19  1:28  Orbital Command, Reaper x2  
  19  1:31  Supply Depot  
  20  1:42  Factory  
  21  2:03  Reaper  
  21  2:07  Barracks Reactor  
  23  2:21  Command Center  
  24  2:28  Hellion  
  26  2:32  Supply Depot  
  26  2:35  Reaper  
  28  2:47  Starport  
  29  2:53  Hellion  
  32  3:07  Refinery  
  33  3:14  Factory Tech Lab  
  33  3:24  Starport Tech Lab  
  34  3:33  Orbital Command  
  34  3:35  Cyclone  
  38  3:43  Marine x2  
  40  3:49  Raven  
  43  3:56  Supply Depot  
  43  4:01  Marine x2  
  43  4:00  Interference Matrix  
  46  4:08  Siege Tank  
  52  4:19  Marine x2, Supply Depot  
  56  4:32  Raven  
  59  4:39  Marine x2  
  59  4:45  Siege Tank  
  67  4:57  Marine x2  
Spawning Tool Build Advisor. Get it on Overwolf

Go to:

Details

  • Created by: Sc2Player1234
  • Published on: Aug 08, 2024
  • Modified on: Aug 08, 2024
  • Patch: 5.0.11
  • Difficulty: Medium
Show
View Real Time Build Order
Export as new Build Order

Comments (1)

On Dec. 30, 2024, 11:21 p.m., Dionysos  said:

21 2:03 Reaper
21 2:07 Barracks Reactor

he builds reapers in 4 secs. does not line up at all.

Create an account to comment!